 Dungeon Crawl Stone Soup version 0.22-a0-248-gc8378ba (webtiles) character file.

107 Azzok the Skirmisher (level 4, 0/32 HPs)
             Began as a Gargoyle Berserker on Feb 28, 2018.
             Was a Believer of Trog.
             Slain by Azzok's ghost (3 damage)
             ... on level 4 of the Dungeon.
             The game lasted 00:04:56 (2695 turns).

Azzok the Skirmisher (Gargoyle Berserker)           Turns: 2695, Time: 00:04:57

Health: 0/32       AC: 13    Str: 21    XL:     4   Next: 85%
Magic:  4/4        EV:  8    Int:  8    God:    Trog [**....]
Gold:   24         SH:  0    Dex:  9    Spells: 3/3 levels left

rFire    . . .     SeeInvis .   o - +1 short sword (venom)
rCold    . . .     Gourm    .   (no shield)
rNeg     + . .     Faith    .   e - +0 chain mail
rPois    ∞         Spirit   .   (no helmet)
rElec    +         Reflect  .   (no cloak)
rCorr    .         Harm     .   k - +0 pair of gloves
MR       .....                  (no boots)
Stlth    ..........             (no amulet)
HPRegen  0.10/turn              (no ring)
MPRegen  0.09/turn              (no ring)

@: berserk cooldown, slowed, very slow
A: negative energy resistance 1, electricity resistance, unbreathing,
petrification resistance, rot immunity, AC +3
a: Berserk, Trog's Hand, Renounce Religion


You were on level 4 of the Dungeon.
You worshipped Trog.
Trog was pleased with you.
You were near starving.

You visited 1 branch of the dungeon, and saw 4 of its levels.

You collected 96 gold pieces.
You spent 72 gold pieces at shops.

Inventory:

Hand Weapons
 o - a +1 short sword of venom (weapon)
Missiles
 d - 34 arrows
Armour
 e - a +0 chain mail (worn)
 k - a +0 pair of gloves (worn)
Jewellery
 f - an uncursed ring of fire
Scrolls
 b - a scroll of fear
 h - 3 scrolls of enchant weapon
 m - a scroll of blinking
 n - a scroll of amnesia {unknown}
 p - a scroll of teleportation {unknown}
Potions
 j - a potion of flight {unknown}
 l - a potion of haste {unknown}
Comestibles
 c - 6 rations


   Skills:
 + Level 5.9 Fighting
   Level 2.6 Long Blades
 - Level 2.1 Armour
 - Level 1.5 Dodging


You had 3 spell levels left.
You didn't know any spells.

Dungeon Overview and Level Annotations

Branches:
Dungeon (4/15)
 Temple: D:4-7

Altars:

Shops:
D:4 ?

Annotations:
D:4 Azzok's ghost, amateur GrBe


Innate Abilities, Weirdness & Mutations

You are resistant to torment.
Your stone body is resilient. (AC +3)
You are immune to poison.
You resist negative energy. (rN+)
You are resistant to electric shocks. (rElec)
You can survive without breathing.
You are immune to petrification.
You are immune to rotting.


Message History

Azzok's ghost is severely damaged.
Azzok's ghost hits you.
* * * LOW HITPOINT WARNING * * *
Azzok's ghost closely misses you.
You barely miss Azzok's ghost.
Azzok's ghost is severely damaged.
Azzok's ghost closely misses you.
You hit Azzok's ghost but do no damage.
Azzok's ghost is severely damaged.
Azzok's ghost barely misses you.
Azzok's ghost hits you but does no damage.
Azzok's ghost screams, "You will never get the ORB!"
Azzok's ghost is nearby!
Azzok's ghost screams in joy, "As in life, so in death: Kill!
Kill!!
Kill!!!"
Azzok's ghost hits you!
* * * LOW HITPOINT WARNING * * *
There is a stone staircase leading down here.
The leopard gecko barely misses you. Azzok's ghost hits you.
You die...

···▒▒ ·▒··· ···▒▒····
······▒ ▒▒▒▒ ▒▒·▒···▒·▒
▒▒▒ ··· ▒····$···▒ ▒··
▒·▒▒▒·····▒··▒ ▒ ▒·▒
▒··▒▒········· ▒▒▒▒·▒
▒▒▒▒▒▒··Wl···▒▒▒·· ··▒▒·▒
▒▒······@·▒·▒▒·····
▒··▒·▒▒▒▒··▒▒▒▒▒▒······▒▒·
·····················▒▒▒
▒▒···▒▒·▒▒▒▒▒▒▒▒▒··▒▒▒
▒▒··▒··▒ ▒··▒ ▒<···▒▒ ▒···
▒···▒▒ ··▒▒▒ ▒···· ·▒▒
▒···▒▒·


You could see Azzok's ghost and a leopard gecko.

Vanquished Creatures
  Terence (D:2)
  3 adders
  3 worms
  3 dart slugs
  A leopard gecko (D:1)
  A giant cockroach (D:3)
  6 goblins
  3 hobgoblins
  6 kobolds
  A quokka (D:2)
  A ball python (D:2)
  6 bats
  3 frilled lizards
  4 rats
42 creatures vanquished.

Notes
Turn   | Place    | Note
-------+----------+-------------------------------------------
     0 | D:1      | Azzok the Gargoyle Berserker began the quest for the Orb.
     0 | D:1      | Reached XP level 1. HP: 14/14 MP: 1/1
   288 | D:1      | Reached XP level 2. HP: 16/20 MP: 2/2
   455 | D:1      | Reached skill level 4 in Fighting
   647 | D:2      | Noticed Terence
   663 | D:2      | Killed Terence
   663 | D:2      | Reached XP level 3. HP: 12/25 MP: 3/3
   669 | D:2      | Reached skill level 5 in Fighting
  1037 | D:2      | Reached XP level 4. HP: 31/31 MP: 4/4
  1587 | D:3      | Reached ** piety under Trog
  2623 | D:4      | Found Atip's Magic Scroll Boutique.
  2625 | D:4      | Bought a scroll of identify for 24 gold pieces
  2625 | D:4      | Bought a scroll of identify for 24 gold pieces
  2625 | D:4      | Bought a scroll of identify for 24 gold pieces
  2658 | D:4      | Noticed Azzok's ghost (amateur GrBe)
  2695 | D:4      | Slain by Azzok's ghost

Vault maps used:
D:1:      zelgadis_glass_arrival_small, minmay_misc_feat_cross
D:2:      uniq_terence
D:3:      first_ration
D:4:      serial_shops, shop, lemuel_tele_altar, uniq_crazy_yiuf_cottage

Skill      XL: |  1  2  3 |
---------------+----------+-----
Fighting       | 4 5 |  5.9
Long Blades    | |  2.6
Armour         | |  2.1
Dodging        | |  1.5

Action                   |  1- 3 |  4- 6 || total
-------------------------+-------+-------++-------
Melee: Falchion          |    81 |    38 ||   119
       Short sword       |       |    51 ||    51
       Quarterstaff      |       |    10 ||    10
Invok: Berserk           |     1 |     1 ||     2
  Use: Scroll            |       |     4 ||     4
  Eat: Chunk             |     2 |     4 ||     6
Armor: Animal skin       |     9 |       ||     9
       Chain mail        |    33 |    60 ||    93
Dodge: Dodged            |    33 |    37 ||    70
       Rpst.: Falchion   |    11 |     9 ||    20

Table legend:
 A = Spawn XP
 B = Non-spawn XP
 C = Spawn XP percentage of total XP
 D = Spawn monster count
 E = Non-spawn monster count
 F = Spawn count percentage of total count
 G = Total turns spent on level
                    A         B        C        D         E        F      G
               +---------+---------+-------+---------+---------+-------+---------
         Total |       0 |     153 |   0.0 |       0 |      42 |   0.0 |  2695
               +---------+---------+-------+---------+---------+-------+---------
           D:1 |       0 |      13 |   0.0 |       0 |       7 |   0.0 |   593
           D:2 |       0 |      98 |   0.0 |       0 |      19 |   0.0 |   809
           D:3 |       0 |      42 |   0.0 |       0 |      16 |   0.0 |  1221
               +---------+---------+-------+---------+---------+-------+---------
